 Dungeon Crawl Stone Soup version 0.26-a0-466-g989023bd0d (webtiles) character file.

Game seed: 11531643829468087027

194 Morbidden the Ruffian (level 5, -1/48 HPs)
             Began as a Troll Transmuter on July 29, 2020.
             Slain by Sigmund
             ... wielding a +0 scythe
              (6 damage)
             ... on level 3 of the Dungeon.
             The game lasted 00:03:38 (1815 turns).

Morbidden the Ruffian (Troll Transmuter)            Turns: 1815, Time: 00:03:38

Health: -1/48      AC:  7    Str: 18    XL:     5   Next: 44%
Magic:  5/6        EV: 10    Int: 10    God:
Gold:   137        SH:  0    Dex: 10    Spells: 6/7 levels left

rFire    . . .     SeeInvis .     - Unarmed
rCold    . . .     Faith    .   (no shield)
rNeg     . . .     Spirit   .   a - +1 robe
rPois    .         Reflect  .   (helmet currently unavailable)
rElec    .         Harm     .   (no cloak)
rCorr    .                      (gloves unavailable)
MR       .....                  (boots unavailable)
Stlth    +.........             o - amulet of the acrobat
HPRegen  0.56/turn              (no ring)
MPRegen  0.10/turn              (no ring)

@: mighty, appendages (expiring), flying
A: large, unfitting armour, claws 3, horns 2, talons 2, regeneration 1, shaggy
fur 1, tough skin 3
a: End Transformation


You were on level 3 of the Dungeon.
You had grown temporary horns.
You had grown temporary talons.
You visited 1 branch of the dungeon, and saw 4 of its levels.

You collected 137 gold pieces.

Inventory:

Armour
 a - a +1 robe (worn)
Jewellery
 o - an amulet of the acrobat (around neck)
Scrolls
 b - 4 scrolls of enchant armour
 c - 2 scrolls of teleportation
 e - 4 scrolls of identify
 i - 3 scrolls of amnesia {unknown}
 j - a scroll of blinking {unknown}
 l - a scroll of magic mapping {unknown}
Potions
 d - a potion of ambrosia {unknown}
 f - a potion of flight
 g - a potion of heal wounds {unknown}
 h - 2 potions of mutation
 k - a potion of curing {unknown}
 m - a potion of might
 p - a potion of stabbing {unknown}


   Skills:
 * Level 1.5 Fighting
 + Level 1.9 Dodging
 + Level 0.8 Stealth
 + Level 4.1 Unarmed Combat
 * Level 1.9 Spellcasting
 * Level 2.2 Transmutations


You had 6 spell levels left.
You knew the following spells:

 Your Spells              Type           Power        Failure   Level
a - Beastly Appendage     Tmut           #.....       12%         1

Your spell library contained the following spells:

 Spells                   Type           Power        Failure   Level
 Wereblood                Tmut           #.......     19%         2
 Animate Skeleton         Necr           #.....       32%         1
 Apportation              Tloc           #.....       32%         1
 Corona                   Hex            #......      32%         1
 Summon Small Mammal      Summ           #...         32%         1
 Spider Form              Tmut/Pois      #.........   52%         3
 Ice Form                 Ice/Tmut       #.......     89%         4
 Blade Hands              Tmut           #.........   98%         5


Dungeon Overview and Level Annotations

Branches:
Dungeon (4/15)
 Temple: D:4-7

Altars:

Annotations:
D:3 Sigmund


Innate Abilities, Weirdness & Mutations

You are too large for most types of armour.
You have claws for hands.
Your natural rate of healing is unusually fast.
You are covered in fur. (AC +1)
You have extremely tough skin. (AC +3)
You have a pair of horns on your head.
You have razor-sharp toenails.


Message History

You closely miss something. Your kick misses something. Something hits you!
* * * LOW HITPOINT WARNING * * *
Unknown command.
Unknown command.
Unknown command.
It was a potion of flight.
You feel very buoyant.
You fly up into the air.
Unknown command.
Something closely misses you.
Unknown command.
Unknown command.
Unknown command.
Your transformation is almost over.
Unknown command.
Unknown command.
It was a potion of might.
You feel very mighty all of a sudden. Something hits you.
You die...

..##........##...................
............##.#.################
............##.#.........
#)..........## #.########
#...........# #.##......
#...........##.#.........
#...####.#####.#.##...... #####
##..####.#.# ##### #####
.........#@# ....# .........#.#
....# .......{.#)# ....#
.......@.#(####.. ....#
.................. ....#
........##.#####.. ....#
........##.# ....# ..)?....##.#
....# ........##(#


There were no monsters in sight!

Vanquished Creatures
  2 orc wizards (D:3)
  An orc priest (D:3)
  A worker ant (D:3)
  2 adders
  2 worms
  A dart slug (D:1)
  4 leopard geckos
  5 orcs
  4 giant cockroaches (D:2)
  5 goblins
  6 hobgoblins
  2 jackals (D:3)
  2 quokkas
  2 ball pythons (D:2)
  3 bats
  2 frilled lizards
  6 kobolds
  5 rats
55 creatures vanquished.

Notes
Turn   | Place    | Note
-------+----------+-------------------------------------------
     0 | D:1      | Morbidden the Troll Transmuter began the quest for the Orb.
     0 | D:1      | Reached XP level 1. HP: 18/18 MP: 1/1
   100 | D:1      | Reached skill level 1 in Fighting
   105 | D:1      | Reached XP level 2. HP: 25/27 MP: 0/3
   515 | D:2      | Reached XP level 3. HP: 28/33 MP: 2/4
   584 | D:2      | You fall into a shaft and drop 2 floors!
   676 | D:3      | Reached XP level 4. HP: 22/41 MP: 2/5
  1647 | D:3      | Reached skill level 4 in Unarmed Combat
  1707 | D:3      | Reached XP level 5. HP: 48/48 MP: 4/6
  1779 | D:3      | Noticed Sigmund
  1815 | D:3      | Slain by Sigmund

Illustrated notes

Levels and vault maps discovered:
D:1:      mrwooster_arrival_arrow, layout_rooms
D:2:      layout_basic, st_stairs_7, minmay_small_reverse_x
D:3:      layout_basic, uniq_sigmund
D:4:      layout_loops_ring, lemuel_doored_altar, serial_shops,
          nicolae_shop_waterfront, hangedman_decor_points

Skill      XL: |  1  2  3  4 |
---------------+-------------+-----
Fighting       | 1 |  1.5
Unarmed Combat | 4 |  4.1
Transmutations | 2 |  2.2
Dodging        | |  1.9
Stealth        | |  0.8
Spellcasting   | |  1.9

Action                   |  1- 3 |  4- 6 || total
-------------------------+-------+-------++-------
Melee: Unarmed           |    67 |    77 ||   144
       Punch             |     2 |     1 ||     3
       Kick              |     5 |     5 ||    10
       Headbutt          |     1 |     2 ||     3
Throw: Dart              |       |     4 ||     4
 Cast: Beastly Appendage |    10 |    11 ||    21
  Use: Scroll            |     3 |     1 ||     4
       Potion            |       |     2 ||     2
 Stab: Sleeping          |       |     1 ||     1
Armor: Robe              |    26 |    23 ||    49
Dodge: Dodged            |    39 |    39 ||    78

Table legend: (Time is in decaauts)
 A = Elapsed time spent in this place.
 B = Non-inter-level travel time spent in this place.
 C = Inter-level travel time spent in this place.
 D = Time resting spent in this place.
 E = Time spent auto-exploring this place.
 F = Levels seen in this place.
 G = Mean time per level.
                   A        B        C        D        E       F      G
               +--------+--------+--------+--------+--------+-----+--------+
         Total |   1806 |   1783 |     23 |     11 |   1375 |   4 |  451.5 |
       Dungeon |   1806 |   1783 |     23 |     11 |   1375 |   4 |  451.5 |
               +--------+--------+--------+--------+--------+-----+--------+

Top non-repeatable levels by time:
     D:2: 889 daAuts
     D:1: 491 daAuts
     D:3: 386 daAuts
     D:4: 38 daAuts
